 Dungeon Crawl Stone Soup version 0.27-a0-1196-g3e9cee4cb2 (console) character file.

Game seed: 11876965031905091062

327325 Hector the Hoplite (level 20, -20/195 HPs)
             Began as a Minotaur Abyssal Knight on May 29, 2021.
             Was the Champion of Lugonu.
             Killed from afar by an ancient lich (82 damage)
             ... with a crystal spear
             ... on level 1 of the Vaults on May 30, 2021.
             The game lasted 04:10:31 (45990 turns).

Hector the Hoplite (Minotaur Abyssal Knight)       Turns: 45990, Time: 04:10:32

Health: -20/195    AC: 32    Str: 24    XL:     20   Next: 78%
Magic:  17/24      EV: 14    Int:  9    God:    Lugonu [******]
Gold:   5845       SH: 28    Dex: 18    Spells: 19/19 levels left

rFire    + . .     SeeInvis .   a - +9 broad axe (distort)
rCold    + + .     Faith    .   i - +3 tower shield {rC+}
rNeg     . . .     Spirit   .   d - +12 gold dragon scales of Parts Unknown {+Inv rPois rF+ rC+}
rPois    +         Reflect  .   h - +0 hat {Will+}
rElec    +         Harm     .   e - +2 cloak
rCorr    .         Rampage  +   g - +2 pair of gloves
Will     ++...                  f - +2 pair of boots {rampage}
Stlth    ..........             H - amulet of regeneration
HPRegen  1.42/turn              K - +4 ring of slaying
MPRegen  0.19/turn              p - ring "Wometouc" {rElec EV+4 Dex+6}

@: marked, corroded
A: horns 2, retaliatory headbutt, low mp 1
}: 2/15 runes: serpentine, barnacled
a: Renounce Religion, Evoke Invisibility, Depart the Abyss, Bend Space, Banish,
Corrupt, Enter the Abyss


You were on level 1 of the Vaults.
You worshipped Lugonu.
Lugonu was exalted by your worship.
You visited 8 branches of the dungeon, and saw 36 of its levels.
You visited the Abyss 2 times.
You also visited: Gauntlet, Ice Cave and Volcano.

You collected 8271 gold pieces.
You spent 2426 gold pieces at shops.

Inventory:

Hand Weapons
 a - a +9 broad axe of distortion (weapon)
 b - a +3 war axe of flaming
 c - a +2 vampiric broad axe
 R - the +3 sling "Punk" {acid, rCorr}
   (You found it in a Gauntlet)

   It protects you from acid and corrosion.
Missiles
 v - 16 throwing nets
 y - 8 stones
 z - 50 boomerangs (quivered)
 A - 14 boomerangs of dispersal
 Y - 407 sling bullets
Armour
 d - the +12 gold dragon scales of Parts Unknown (worn) {+Inv rPois rF+ rC+}
   (You found it on level 4 of the Shoals)

   It protects you from fire.
   It protects you from cold.
   It protects you from poison.
   It lets you turn invisible.
 e - a +2 cloak (worn)
 f - a +2 pair of boots of rampaging (worn)
 g - a +2 pair of gloves (worn)
 h - a +0 hat of willpower (worn)
 i - a +3 tower shield of cold resistance (worn)
Jewellery
 l - an amulet of reflection
 p - the ring "Wometouc" (right hand) {rElec EV+4 Dex+6}
   (You bought it in a shop on level 5 of the Dungeon)

   [ring of evasion]

   It affects your evasion (+4).
   It affects your dexterity (+6).
   It insulates you from electricity.
 w - a ring of willpower
 F - a ring of protection from fire
 H - an amulet of regeneration (around neck)
 K - a +4 ring of slaying (left hand)
 Q - a ring of resist corrosion
 S - a ring of see invisible
Wands
 M - a wand of iceblast (71)
 T - a wand of acid (16)
 U - a wand of digging (9)
Scrolls
 k - 6 scrolls of blinking
 m - 3 scrolls of magic mapping
 n - 3 scrolls of holy word
 r - 16 scrolls of identify
 u - 6 scrolls of fog
 D - 3 scrolls of summoning
 L - 4 scrolls of fear
 V - a scroll of silence
 W - 18 scrolls of teleportation
Potions
 j - 9 potions of resistance
 o - a potion of cancellation
 q - 4 potions of invisibility
 s - 7 potions of ambrosia
 t - 18 potions of curing
 x - 11 potions of might
 B - 4 potions of berserk rage
 C - 7 potions of haste
 E - 3 potions of magic
 N - 3 potions of flight
 X - 8 potions of heal wounds


   Skills:
 * Level 20.6 Fighting
 - Level 18.0 Axes
 - Level 5.0 Throwing
 * Level 16.2 Armour
 * Level 11.5 Dodging
 + Level 23.9 Shields
 - Level 10.6 Invocations


You had 19 spell levels left.
You didn't know any spells.
Your spell library contained the following spells:

 Spells                   Type           Power      Damage    Failure   Level
 Animate Skeleton         Necr           0%         N/A       100%        1
 Apportation              Tloc           0%         N/A       100%        1
 Beastly Appendage        Tmut           0%         N/A       100%        1
 Corona                   Hex            0%         N/A       100%        1
 Foxfire                  Conj/Fire      0%         2x1d4     100%        1
 Freeze                   Ice            0%         1d3       100%        1
 Magic Dart               Conj           0%         1d3       100%        1
 Sandblast                Erth           0%         2d4       100%        1
 Shock                    Conj/Air       0%         1d3       100%        1
 Summon Small Mammal      Summ           0%         N/A       100%        1
 Blink                    Tloc           N/A        N/A       100%        2
 Call Imp                 Summ           0%         N/A       100%        2
 Passwall                 Tmut/Erth      0%         N/A       100%        2
 Searing Ray              Conj           0%         3d3       100%        2
 Static Discharge         Conj/Air       0%         N/A       100%        2
 Sublimation of Blood     Necr           0%         N/A       100%        2
 Wereblood                Tmut           0%         N/A       100%        2
 Call Canine Familiar     Summ           0%         N/A       100%        3
 Confusing Touch          Hex            0%         N/A       100%        3
 Conjure Flame            Conj/Fire      0%         6-21      100%        3
 Dazzling Flash           Conj/Hex       0%         N/A       100%        3
 Frozen Ramparts          Ice            0%         1d2       100%        3
 Gell's Gravitas          Tloc           0%         N/A       100%        3
 Ignite Poison            Fire/Tmut/Pois 0%         N/A       100%        3
 Inner Flame              Hex/Fire       0%         N/A       100%        3
 Lesser Beckoning         Tloc           0%         N/A       100%        3
 Ozocubu's Armour         Ice            0%         N/A       100%        3
 Spider Form              Tmut/Pois      0%         N/A       100%        3
 Stone Arrow              Conj/Erth      0%         3d7       100%        3
 Summon Guardian Golem    Hex/Summ       0%         N/A       100%        3
 Swiftness                Air            0%         N/A       100%        3
 Teleport Other           Tloc           0%         N/A       100%        3
 Tukima's Dance           Hex            0%         N/A       100%        3
 Airstrike                Air            0%         N/A       100%        4
 Animate Dead             Necr           0%         N/A       100%        4
 Fulminant Prism          Conj/Hex       0%         3d6       100%        4
 Hailstorm                Conj/Ice       0%         3d3       100%        4
 Ice Form                 Ice/Tmut       0%         N/A       100%        4
 Iskenderun's Mystic Bla  Conj/Tloc      0%         2d3       100%        4
 Passage of Golubria      Tloc           N/A        N/A       100%        4
 Petrify                  Tmut/Erth      0%         N/A       100%        4
 Sticky Flame             Conj/Fire      0%         2d3       100%        4
 Summon Ice Beast         Ice/Summ       0%         N/A       100%        4
 Summon Lightning Spire   Summ/Air       0%         N/A       100%        4
 Alistair's Intoxication  Tmut/Pois      0%         N/A       100%        5
 Bolt of Magma            Conj/Fire/Erth 0%         4d4       100%        5
 Borgnjor's Vile Clutch   Necr/Erth      0%         N/A       100%        5
 Fireball                 Conj/Fire      0%         3d3       100%        5
 Hydra Form               Tmut           0%         N/A       100%        5
 Irradiate                Conj/Tmut      0%         3d14      100%        5
 Iskenderun's Battlesphe  Conj           0%         2d6       100%        5
 Lee's Rapid Deconstruct  Erth           0%         3d5*      100%        5
 Lightning Bolt           Conj/Air       0%         1d11      100%        5
 Manifold Assault         Tloc           0%         N/A       100%        5
 Metabolic Englaciation   Hex/Ice        0%         N/A       100%        5
 Summon Forest            Summ/Tloc      0%         N/A       100%        5
 Summon Mana Viper        Hex/Summ       0%         N/A       100%        5
 Yara's Violent Unravell  Hex/Tmut       0%         3d3       100%        5
 Blade Hands              Tmut           0%         N/A       100%        6
 Death Channel            Necr           0%         N/A       100%        6
 Eringya's Noxious Bog    Tmut/Pois      0%         N/A       100%        6
 Invisibility             Hex            0%         N/A       100%        6
 Iron Shot                Conj/Erth      0%         9d1       100%        6
 Shadow Creatures         Summ           N/A        N/A       100%        6
 Simulacrum               Ice/Necr       0%         N/A       100%        6
 Starburst                Conj/Fire      0%         8x6d3     100%        6
 Statue Form              Tmut/Erth      0%         N/A       100%        6
 Dragon Form              Tmut           0%         N/A       100%        7
 Orb of Destruction       Conj           0%         N/A       100%        7
 Spellforged Servitor     Conj/Summ      0%         N/A       100%        7
 Summon Hydra             Summ           0%         N/A       100%        7
 Ignition                 Fire           0%         3d3       100%        8


Dungeon Overview and Level Annotations

Branches:
Dungeon (15/15)            Temple (1/1) D:4            Lair (6/6) D:10
 Shoals (4/4) Lair:2        Snake (4/4) Lair:4        Slime (0/5) Lair:6
    Orc (2/2) D:10            Elf (3/3) Orc:2        Vaults (1/5) D:14
 Depths (0/5) D:15          IceCv (visited)         Volcano (visited)
Gauntlet (visited)

Altars:
Ashenzari
Cheibriados
Dithmenos
Elyvilon
Fedhas
Gozag
Hepliaklqana
Kikubaaqudgha
Makhleb
Nemelex Xobeh
Okawaru
Qazlal
Ru
Sif Muna
Trog
Uskayaw
Vehumet
Wu Jian
Xom
Yredelemnul
Zin
The Shining One
Beogh

Shops:
D:2 :   D:5 =   D:6 [   D:8 !   D:10 ?   D:13 ?!   D:15 ?   Orc:2 ***!
Elf:3 (   Shoals:1 *   Snake:4 !![!

Annotations:
D:15 Roxanne
Lair:4 exclusion: 3 oklob plants
Snake:1 exclusion: 2 oklob plants
Elf:3 corrupted
Vaults:1 corrupted
Abyss:1 Nessos; Psyche; Rupert


Innate Abilities, Weirdness & Mutations

You have a pair of horns on your head.
You reflexively headbutt those who attack you in melee.
Your magical capacity is low. (-10% MP)


Message History

Space warps horribly around the ancient lich!!
The slime creature blinks!
The ancient lich touches you.
The vault sentinel points at you and mumbles some strange words.
You struggle to resist.
You barely miss the ancient lich.
The ancient lich is lightly damaged.
The ancient lich touches you but does no damage.
You slash the ancient lich! You headbutt the ancient lich.
The ancient lich is moderately damaged.
You hit the deep troll.
The deep troll is devoured by a tear in reality.
Lugonu claims a new guest.
The ancient lich blinks!
The vault sentinel points at you and mumbles some strange words.
You struggle to resist.
A slime creature suddenly becomes a large slime creature.
The ancient lich casts a spell at you. The bolt of acid hits you!
The acid corrodes you!
You are splashed with acid!
The vault sentinel unwields a +0 morningstar.
The vault sentinel wields a +1 arbalest of freezing.
It is covered in frost.
The vault sentinel shoots a bolt.
You block the bolt.
You rampage towards the ancient lich!
The vault sentinel unwields a +1 arbalest of freezing.
The vault sentinel wields a +0 morningstar.
The vault sentinel misses you.
Items here: )) [[ †.
You slash the ancient lich!
Space bends around the ancient lich.
You headbutt the ancient lich, but do no damage.
The ancient lich is moderately damaged.
You hit the vault sentinel but do no damage.
Space bends around the vault sentinel.
The ancient lich closely misses you. The ancient lich casts a spell at you.
The bolt of acid hits you!!! The acid corrodes you!
You are splashed with acid!
Unknown command.
Lugonu's Hand of Corruption reaches out!
The vault sentinel gestures at you while chanting.
You struggle to resist.
The ancient lich gestures at you while chanting.
The crystal spear hits you!!!!
You die...

####.....#.#..)#.#.#'###.#....#
.........#.)..)..'.......'....#
.........#.#...#.#########....#
.........###...###............#
.........#.......##h.XW.......#
.........###X#####.#X.........###
...........#.....x..#.........#..
............XDZ.5)44t..X......'..
.............5XL@X5..3........#..
#########.###.#p#t#.###########..
#JJ### #.. .WX.. #.. ...XXx.. #..
.......#... ### .....## #...
..... .... ..... ....J


You could see an ancient lich (fast), a large slime creature, a slime creature,
a vault sentinel, a neutral bone dragon (summoned), 3 neutral starcursed masses,
a neutral orange demon (summoned), 2 neutral apocalypse crabs, 3 neutral
thrashing horrors, 4 neutral large abominations, a neutral rust devil
(summoned), a neutral sixfirhy (summoned), a neutral raiju (summoned), 2 neutral
wraiths, 2 neutral small abominations, a neutral iron imp (summoned), a neutral
quasit (summoned), a neutral ufetubus (summoned) and a neutral orc zombie
(summoned).

Vanquished Creatures
  Saint Roka (Snake:2)
  A deep elf master archer (Elf:3)
  2 deep elf blademasters (Elf:2)
  2 krakens
  Polyphemus (Shoals:2)
  Frances (Snake:2)
  Gastronok (Lair:3)
  8 nagarajas
  6 deep elf sorcerers
  An ironbound preserver (Vaults:1)
  3 vault wardens (Vaults:1)
  A deep elf elementalist (Elf:3)
  Louise (Snake:1)
  2 very ugly things (IceCv)
  The ghost of knorpule3000 the Thrower, a journeyman HuWn of Fedhas (Lair:6)
  A stone giant (Vaults:1)
  6 deep elf demonologists
  The ghost of wpisznazwe the Peltast, a journeyman MiFi of Kikubaaqudgha (Orc:2)
  A dire elephant (Vaults:1)
  7 deep elf annihilators
  2 minotaurs
  A red draconian (Volcano)
  4 merfolk javelineers
  5 deep elf death magi (Elf:3)
  4 fire dragons
  Snorg (D:14)
  Josephine (D:10)
  An ettin (Orc:2)
  A yaktaur captain (Vaults:1)
  5 deep elf high priests
  A great orb of eyes (Vaults:1)
  2 merfolk impalers
  2 ice dragons
  2 ironbound thunderhulks (Vaults:1)
  18 naga warriors
  Fannar (Orc:1)
  5 vault guards
  A salamander tyrant (Snake:4)
  7 hydras
  3 ogre magi
  A hell beast (Gauntlet)
  4 boulder beetles
  Erica (D:9)
  A catoblepas (Shoals:2)
  10 anacondas
  6 merfolk aquamancers
  6 merfolk avatars
  An alligator (Lair:6)
  2 death knights (D:13)
  10 centaur warriors
  16 dancing weapons
  A death scarab (Gauntlet)
  18 two-headed ogres
  2 alligator snapping turtles
  An ironbound beastmaster (Vaults:1)
  A satyr (Shoals:1)
  A tengu warrior (D:13)
  8 death yaks
  Urug (Orc:1)
  14 naga sharpshooters
  2 orc high priests
  6 shock serpents
  A hell hog (Gauntlet)
  26 deep elf knights
  A skeletal warrior (D:14)
  5 salamander mystics
  A sixfirhy (Gauntlet)
  A deep troll (Orc:2)
  9 sea snakes
  7 deep elf archers
  A harpy (shapeshifter) (D:14)
  8 naga ritualists
  Pikel (D:4)
  2 ironbound convokers (Vaults:1)
  A phantasmal warrior (D:13)
  11 harpies
  2 lindwurms
  An orc sorcerer (Orc:2)
  25 deep elf pyromancers
  25 deep elf zephyrmancers
  2 wolf spiders (Lair:6)
  11 manticores
  A necromancer (Gauntlet)
  3 orc knights
  4 fauns
  16 mana vipers
  A cyclops (Shoals:4)
  15 elephants
  13 salamanders
  5 ugly things
  7 guardian serpents
  3 merfolk sirens
  4 vault sentinels (Vaults:1)
  A moth of wrath (Orc:2)
  Maurice (Orc:1)
  6 ice statues
  7 torpor snails (Lair:6)
  62 black mambas
  3 gargoyles
  12 naga magi
  3 water nymphs
  Maggie (D:6)
  11 komodo dragons
  27 cane toads
  5 freezing wraiths
  An unseen horror (D:10)
  4 kobold demonologists
  2 golden dragon simulacra (IceCv)
  The ghost of PejaSLU the Chopper, an amateur MiBe of Trog (D:3)
  3 anaconda simulacra (IceCv)
  3 meliai (Shoals:1)
  10 hornets
  20 merfolk
  9 trolls
  2 wind drakes
  5 polar bears
  4 tyrant leeches (Lair:6)
  11 dream sheep
  11 slime creatures
  9 blink frogs
  15 snapping turtles
  3 shadows
  Sigmund (D:2)
  12 wyverns
  14 water elementals
  An air elemental (Elf:1)
  A redback (Lair:6)
  14 wraiths
  43 yaks
  6 basilisks
  3 fire bats (Gauntlet)
  A spectral komodo dragon (Gauntlet)
  3 fire elementals
  Grum (D:7)
  The ghost of losten the Cutter, an amateur DsGl (D:3)
  4 steam dragons
  12 vampire mosquitoes
  An iron troll simulacrum (IceCv)
  63 nagas
  4 wargs
  27 water moccasins
  2 hydra simulacra (IceCv)
  An acid dragon (D:13)
  5 hell hounds (Gauntlet)
  A swamp drake (D:10)
  41 orc warriors
  12 ice beasts
  2 sky beasts
  4 black bears
  An ettin simulacrum (IceCv)
  12 ogres
  A necrophage (D:6)
  10 wolves
  The ghost of losten the Cutter, an amateur DsGl (D:3)
  The ghost of onwiheg the Poker, an amateur MfFi (D:3)
  22 centaurs
  2 phantoms
  4 lemures
  8 kobold brigands
  5 gnoll sergeants
  7 bullfrogs
  4 scorpions
  3 earth elementals
  A wyvern zombie (D:7)
  A wyvern skeleton (D:7)
  A water moccasin zombie (D:5)
  2 water moccasin skeletons
  14 killer bees
  9 wights
  3 electric eels (D:12)
  8 howler monkeys
  3 bullfrog zombies
  4 jellies
  2 centaur zombies
  2 centaur skeletons
  14 hounds
  4 bullfrog skeletons
  3 gnoll shamans
  22 orc priests
  Terence (D:2)
  4 iguanas
  16 orc wizards
  4 hell rats (Lair:4)
  A hound zombie (D:5)
  A howler monkey skeleton (D:7)
  23 gnolls
  10 adders
  A shadow imp (D:8)
  8 white imps
  5 ufetubi
  3 worms
  A dart slug (D:2)
  70 orcs
  11 endoplasms
  2 giant cockroaches (D:3)
  4 goblins
  7 hobgoblins
  9 jackals
  5 quokkas
  11 ball pythons
  A bat (D:3)
  A frilled lizard (D:1)
  25 kobolds
  A quokka skeleton (D:4)
  3 rats
  A bush (Shoals:3)
  10 tentacles
1386 creatures vanquished.

Vanquished Creatures (collateral kills)
  A white imp (D:6)
1 creature vanquished.

Vanquished Creatures (others)
  A deep elf blademaster (Elf:3)
  3 deep elf sorcerers (Elf:3)
  3 deep elf elementalists (Elf:3)
  A deep elf demonologist (Elf:3)
  4 deep elf annihilators (Elf:3)
  A deep elf death mage (Elf:3)
  A deep elf high priest (Elf:3)
  A merfolk aquamancer (Shoals:3)
  A dancing weapon (Elf:3)
  4 deep elf zephyrmancers
  A mana viper (Snake:2)
  2 water elementals (Elf:3)
  An orc wizard (Orc:2)
  An orc (Elf:1)
  A bush (Lair:6)
  30 fungi
  113 plants
  9 starspawn tentacles (Elf:3)
  23 tentacles
201 creatures vanquished.

Grand Total: 1588 creatures vanquished

Notes
Turn   | Place    | Note
-------+----------+-------------------------------------------
     0 | Abyss:1  | Hector the Minotaur Abyssal Knight began the quest for the
                  | Orb.
     0 | Abyss:1  | Reached XP level 1. HP: 19/19 MP: 1/1
    18 | Abyss:1  | Found a transporter.
    19 | Abyss:1  | Noticed a starcursed mass
    19 | Abyss:1  | Noticed a starcursed mass
    19 | Abyss:1  | Noticed a glowing orange brain
    19 | Abyss:1  | Noticed an ettin
    19 | Abyss:1  | a glowing orange brain changed into an ettin
    20 | Abyss:1  | Noticed a hellephant
    20 | Abyss:1  | Noticed a mana viper
    20 | Abyss:1  | Noticed a worldbinder
    20 | Abyss:1  | Noticed a glowing orange brain
    20 | Abyss:1  | a mana viper changed into a glowing orange brain
    20 | Abyss:1  | Noticed a spark wasp
    20 | Abyss:1  | an ettin changed into a spark wasp
    20 | Abyss:1  | Noticed a will-o-the-wisp
    20 | Abyss:1  | Noticed a starcursed mass
    67 | Abyss:1  | Noticed a tentacled starspawn
    68 | D:1      | Escaped the Abyss
   330 | D:1      | Reached * piety under Lugonu
   470 | D:1      | Reached XP level 2. HP: 23/27 MP: 2/2
   595 | D:1      | Found a faded altar of an unknown god.
  1169 | D:2      | Found Ajis's Book Shoppe.
  1239 | D:2      | Noticed Terence
  1240 | D:2      | You fall into a shaft and drop 2 floors!
  1240 | D:4      | Noticed Pikel
  1240 | D:4      | Noticed a lemure
  1241 | D:4      | Noticed a lemure
  1259 | D:5      | Entered Level 5 of the Dungeon
  1270 | D:5      | Reached XP level 3. HP: 5/33 MP: 3/3
  1295 | D:5      | Reached XP level 4. HP: 5/41 MP: 4/4
  1749 | D:5      | Reached skill level 5 in Axes
  1749 | D:5      | Reached XP level 5. HP: 37/47 MP: 5/5
  1991 | D:5      | Reached XP level 6. HP: 21/53 MP: 6/6
  2651 | D:5      | Noticed a yak
  2685 | D:5      | Reached XP level 7. HP: 40/60 MP: 7/7
  2839 | D:5      | Reached skill level 5 in Fighting
  2839 | D:5      | Reached skill level 5 in Armour
  2919 | D:5      | Found a hide-covered altar of Uskayaw.
  2919 | D:5      | Noticed a +0 dagger
  2920 | D:5      | Noticed a +0 hand axe
  3592 | D:2      | Killed Terence
  3784 | D:2      | Noticed Sigmund
  3956 | D:2      | Reached ** piety under Lugonu
  4420 | D:3      | Found a runed translucent gate.
  4420 | D:3      | Found a runed translucent gate.
  4420 | D:3      | Found a runed translucent gate.
  4421 | D:3      | Noticed losten's ghost (amateur DsGl)
  4422 | D:3      | Noticed losten's ghost (amateur DsGl)
  4422 | D:3      | Noticed PejaSLU's ghost (amateur MiBe)
  4422 | D:3      | Noticed onwiheg's ghost (amateur MfFi)
  5281 | D:4      | Found a radiant altar of Vehumet.
  5447 | D:4      | Reached XP level 8. HP: 68/68 MP: 8/8
  5451 | D:4      | Found a staircase to the Ecumenical Temple.
  5468 | Temple   | Entered the Ecumenical Temple
  6005 | D:5      | Reached skill level 1 in Shields
  6542 | D:5      | Found Acerghan's Jewellery Shoppe.
  6588 | D:5      | Reached skill level 2 in Shields
  6784 | D:5      | Reached skill level 10 in Axes
  6784 | D:5      | Reached skill level 3 in Shields
  7202 | D:5      | Reached *** piety under Lugonu
  7203 | D:5      | Reached XP level 9. HP: 78/78 MP: 9/9
  7460 | D:5      | Found a shimmering blue altar of Sif Muna.
  7575 | D:6      | Noticed Maggie
  7625 | D:6      | Reached skill level 4 in Shields
  7825 | D:6      | Noticed a two-headed ogre
  7834 | D:6      | Killed a two-headed ogre
  7835 | D:6      | Reached skill level 5 in Shields
  7954 | D:6      | Reached skill level 6 in Shields
  8209 | D:6      | Killed Maggie
  8210 | D:6      | Reached skill level 7 in Shields
  8210 | D:6      | Reached XP level 10. HP: 55/86 MP: 10/10
  8527 | D:6      | Reached **** piety under Lugonu
  8558 | D:6      | Found Jishipecaa's Antique Armour Boutique.
  8566 | D:6      | Bought a pair of crude gloves for 199 gold pieces
  8566 | D:6      | Identified the +1 pair of gloves of Negation {*Corrode
                  | Dex+5} (You bought it in a shop on level 6 of the Dungeon)
  8840 | D:7      | Found an opulent altar of Gozag.
  9206 | D:7      | Reached skill level 8 in Shields
  9256 | D:7      | Noticed Grum
  9261 | D:7      | Killed Grum
  9599 | D:8      | Reached ***** piety under Lugonu
  9677 | D:8      | Reached skill level 9 in Shields
  9906 | D:8      | Found Uqumnimm's Distillery.
  9911 | D:8      | Bought a potion of berserk rage for 60 gold pieces
  9911 | D:8      | Bought a potion of heal wounds for 60 gold pieces
 10094 | D:9      | Noticed a two-headed ogre
 10129 | D:9      | Noticed Erica
 10190 | D:9      | Killed a two-headed ogre
 10191 | D:9      | Reached XP level 11. HP: 94/94 MP: 11/11
 10398 | D:9      | Found an ancient bone altar of Kikubaaqudgha.
 10499 | D:9      | Found an iron altar of Okawaru.
 10653 | D:9      | Noticed a soul eater
 10664 | D:9      | Found a glowing golden altar of the Shining One.
 10708 | D:9      | Found a bloodstained altar of Trog.
 10781 | D:9      | Killed Erica
 10782 | D:9      | Reached skill level 10 in Shields
 10795 | D:10     | Entered Level 10 of the Dungeon
 10795 | D:10     | Found a staircase to the Lair.
 10796 | D:10     | Found a shadowy altar of Dithmenos.
 10901 | D:10     | Found a burning altar of Makhleb.
 10919 | D:10     | Found Vill's Magic Scroll Emporium.
 11080 | D:10     | Identified a scroll of acquirement
 11088 | D:10     | Found a glowing silver altar of Zin.
 11283 | D:10     | Found a sacrificial altar of Ru.
 11294 | D:10     | Noticed Josephine
 11535 | D:10     | Found a snail-covered altar of Cheibriados.
 11850 | D:10     | Noticed Psyche
 11853 | D:10     | Banished Psyche
 11861 | D:10     | Found a staircase to the Orcish Mines.
 12085 | Lair:1   | Entered Level 1 of the Lair of Beasts
 12182 | Lair:1   | Reached skill level 11 in Shields
 12904 | Lair:2   | Reached XP level 12. HP: 102/104 MP: 14/14
 12913 | Lair:2   | Noticed a four-headed hydra
 12914 | Lair:2   | Found a gate leading to a gauntlet.
 12918 | Lair:2   | Killed a one-headed hydra
 12928 | Gauntlet | Entered a Gauntlet
 12928 | Gauntlet | Found a transporter.
 12932 | Gauntlet | Found a transporter.
 12936 | Gauntlet | Found a transporter.
 12943 | Gauntlet | Found a transporter.
 12948 | Gauntlet | Found a transporter.
 12952 | Gauntlet | Found a transporter.
 12954 | Gauntlet | Noticed a death scarab
 12957 | Gauntlet | Found a transporter.
 12966 | Gauntlet | Found a transporter.
 12967 | Gauntlet | Found a transporter.
 12971 | Gauntlet | Found a transporter.
 12972 | Gauntlet | Noticed a hell hog
 12979 | Gauntlet | Found a transporter.
 12980 | Gauntlet | Found a transporter.
 12985 | Gauntlet | Found a transporter.
 12985 | Gauntlet | Noticed a hell beast
 12994 | Gauntlet | Found a transporter.
 12999 | Gauntlet | Found a runed translucent door.
 13125 | Gauntlet | Reached ****** piety under Lugonu
 13150 | Gauntlet | Killed a death scarab
 13156 | Gauntlet | Reached skill level 12 in Shields
 13177 | Gauntlet | Killed a hell hog
 13263 | Gauntlet | Killed a hell beast
 13264 | Gauntlet | Reached skill level 10 in Armour
 13267 | Gauntlet | Reached skill level 15 in Axes
 13290 | Gauntlet | Identified the +1 helmet of Xiepaceo {rC+ Str+3}
 13332 | Gauntlet | Identified the +7 quarterstaff of Purpose {protect, rF+ rC-
                  | Int+8}
 13332 | Gauntlet | Noticed a minotaur
 13352 | Gauntlet | Killed a minotaur
 13432 | Gauntlet | Found the +3 sling "Punk" {acid, rCorr}
 13434 | Gauntlet | Identified the quicksilver dragon scales of the Iron Devil
                  | {rC+ rN+ Will+}
 13987 | Lair:2   | Found a staircase to the Shoals.
 14231 | Lair:3   | Reached skill level 5 in Invocations
 14287 | Lair:3   | Reached skill level 10 in Fighting
 14317 | Lair:3   | Noticed Gastronok
 14349 | Lair:3   | Killed Gastronok
 14350 | Lair:3   | Reached skill level 13 in Shields
 14953 | Lair:3   | Reached XP level 13. HP: 113/113 MP: 16/16
 15532 | Lair:4   | Found a staircase to the Snake Pit.
 15601 | Lair:4   | Identified the +7 quick blade of Ravage {vorpal, Drain
                  | rElec rF++ rN+}
 16843 | Lair:5   | Noticed Rupert
 16853 | Lair:5   | Banished Rupert
 16854 | Lair:5   | Reached skill level 14 in Shields
 17052 | Lair:5   | Noticed Nessos
 17066 | Lair:5   | Banished Nessos
 17523 | Lair:6   | Entered Level 6 of the Lair of Beasts
 17658 | Lair:6   | Reached XP level 14. HP: 125/125 MP: 18/18
 17723 | Lair:6   | Reached skill level 15 in Shields
 17742 | Lair:6   | Found a dark tunnel.
 17756 | Volcano  | Entered a volcano
 18186 | D:10     | Acquired 715 gold pieces
 18361 | Lair:6   | Reached skill level 5 in Dodging
 18619 | Lair:6   | Found a staircase to the Slime Pits.
 18700 | Lair:6   | Found a runed translucent gate.
 18700 | Lair:6   | Noticed knorpule3000's ghost (journeyman HuWn)
 18726 | Lair:6   | Found a runed translucent gate.
 18726 | Lair:6   | Found a runed translucent gate.
 18914 | Lair:6   | Paralysed by a hornet for 1 turns
 19366 | Lair:6   | Found a runed translucent door.
 19409 | Lair:6   | Reached skill level 16 in Shields
 19700 | Lair:6   | Killed knorpule3000's ghost
 19701 | Lair:6   | Reached XP level 15. HP: 131/136 MP: 20/20
 20712 | D:2      | Killed Sigmund
 20827 | D:3      | Killed PejaSLU's ghost
 20830 | D:3      | Killed losten's ghost
 20835 | D:3      | Killed losten's ghost
 20837 | D:3      | Killed onwiheg's ghost
 20925 | D:4      | Found a staircase to the Ecumenical Temple.
 20959 | D:4      | Found a radiant altar of Vehumet.
 21139 | D:4      | Killed Pikel
 21653 | D:10     | Killed Josephine
 23764 | D:12     | Found the +5 scythe "Finisher" {speed, eviscerate}
 24175 | D:13     | Identified the +7 short sword "Xagiag" {vorpal, rPois SInv
                  | Stlth+}
 24208 | D:13     | Found Xypsecs's Distillery.
 24305 | D:13     | Reached skill level 17 in Shields
 24550 | D:13     | Found Xudeakado's Magic Scroll Boutique.
 25129 | Orc:1    | Entered Level 1 of the Orcish Mines
 25129 | Orc:1    | Noticed Urug
 25151 | Orc:1    | Killed Urug
 25428 | Orc:2    | Entered Level 2 of the Orcish Mines
 25739 | Orc:2    | Noticed wpisznazwe's ghost (journeyman MiFi)
 25775 | Orc:2    | Found a bloodstained altar of Trog.
 25808 | Orc:2    | Found a transporter.
 25810 | Orc:2    | Found a transporter.
 25845 | Orc:1    | Noticed Maurice
 25850 | Orc:1    | Killed Maurice
 25905 | Orc:1    | Noticed Fannar
 25917 | Orc:1    | Killed Fannar
 26121 | Orc:2    | Found a staircase to the Elven Halls.
 26173 | Orc:2    | Found Kaboacs's General Store.
 26173 | Orc:2    | Found Ehyepp's General Store.
 26505 | Orc:2    | Found Nenloal's General Store.
 26507 | Orc:2    | Found Ycios's Distillery.
 26684 | Orc:2    | Bought a scroll of blinking for 105 gold pieces
 26736 | Orc:2    | Reached XP level 16. HP: 106/147 MP: 0/21
 26763 | Orc:2    | Killed wpisznazwe's ghost
 27293 | D:14     | Noticed Snorg
 27306 | D:14     | Killed Snorg
 27595 | D:13     | Reached skill level 18 in Shields
 27782 | D:14     | Found a gate to the Vaults.
 28174 | D:15     | Entered Level 15 of the Dungeon
 28325 | D:15     | Reached skill level 15 in Fighting
 28327 | D:15     | Identified Roxanne's Compendium of Transmutation
 28327 | D:15     | Noticed Roxanne
 28559 | D:15     | Found Deudass's Magic Scroll Emporium.
 28587 | D:15     | Bought a scroll of blinking for 112 gold pieces
 28911 | D:15     | Found a staircase to the Depths.
 29435 | D:5      | Bought the ring "Wometouc" {rElec EV+4 Dex+6} for 876 gold
                  | pieces
 29565 | Snake:1  | Entered Level 1 of the Snake Pit
 30724 | Snake:2  | Reached skill level 10 in Invocations
 30828 | Snake:2  | Found a frozen archway.
 30847 | IceCv    | Entered an ice cave
 30925 | IceCv    | Reached skill level 19 in Shields
 30925 | IceCv    | Reached XP level 17. HP: 156/156 MP: 23/23
 31092 | IceCv    | Identified the +4 shortbow of Geopom {venom, Dex+3}
 31613 | Snake:2  | Noticed Saint Roka
 31795 | Snake:2  | Noticed Frances
 31814 | Snake:2  | Killed Frances
 32169 | Snake:2  | Noticed Louise
 32317 | Snake:1  | Killed Louise
 32509 | Snake:2  | Killed Saint Roka
 32917 | Snake:3  | Reached skill level 20 in Shields
 33822 | Snake:4  | Entered Level 4 of the Snake Pit
 34235 | Snake:4  | Reached XP level 18. HP: 169/169 MP: 24/24
 34242 | Snake:4  | Found Ginen's Armour Boutique.
 34246 | Snake:4  | Found Hoiff's Distillery.
 34249 | Snake:4  | Found Vurigizu's Distillery.
 34250 | Snake:4  | Found Qotripha's Distillery.
 34287 | Snake:4  | Bought the +4 chain mail "Satisuv" {Fly rPois rF+} for 582
                  | gold pieces
 34888 | Snake:4  | Reached skill level 21 in Shields
 35691 | Snake:4  | Got a serpentine rune of Zot
 36152 | Snake:4  | Bought a potion of might for 48 gold pieces
 36152 | Snake:4  | Bought a potion of heal wounds for 60 gold pieces
 36152 | Snake:4  | Bought a potion of heal wounds for 60 gold pieces
 36152 | Snake:4  | Bought a potion of might for 48 gold pieces
 36152 | Snake:4  | Bought a potion of might for 48 gold pieces
 36152 | Snake:4  | Bought a potion of might for 48 gold pieces
 36152 | Snake:4  | Bought a potion of haste for 120 gold pieces
 36356 | Shoals:1 | Entered Level 1 of the Shoals
 36368 | Shoals:1 | Found Fuptig's Fabulous Fripperies.
 36534 | Shoals:1 | Found a hide-covered altar of Uskayaw.
 37817 | D:10     | Acquired 823 gold pieces
 38042 | Shoals:2 | Noticed Polyphemus
 38058 | Shoals:2 | Reached skill level 22 in Shields
 38071 | Shoals:2 | Killed Polyphemus
 38651 | Shoals:3 | Reached skill level 10 in Dodging
 38653 | Shoals:3 | Reached skill level 15 in Armour
 38680 | Shoals:3 | Reached XP level 19. HP: 180/180 MP: 25/25
 38965 | Shoals:3 | Identified the +4 animal skin of Anarchy {rF+ Regen+ Str+7
                  | Dex-5}
 39161 | Shoals:4 | Entered Level 4 of the Shoals
 39489 | Shoals:4 | Got a barnacled rune of Zot
 40152 | Shoals:4 | Reached skill level 1 in Throwing
 40607 | Shoals:4 | Identified the +12 gold dragon scales of Parts Unknown
                  | {+Inv rPois rF+ rC+}
 40799 | D:10     | Identified a +7 broad axe of distortion (a +5 broad axe of
                  | flaming corrupted by Lugonu)
 40799 | D:10     | Received a gift from Lugonu
 40935 | Elf:1    | Entered Level 1 of the Elven Halls
 42335 | Elf:2    | Reached skill level 23 in Shields
 42350 | Elf:2    | Found a huge runed translucent gate.
 42352 | Elf:2    | Found a huge runed translucent gate.
 42356 | Elf:2    | Found a huge runed translucent gate.
 42357 | Elf:2    | Found a huge runed translucent gate.
 42357 | Elf:2    | Found a huge runed translucent gate.
 42976 | Elf:3    | Entered Level 3 of the Elven Halls
 42987 | Elf:3    | Acquired 1140 gold pieces
 43051 | Elf:3    | Found Veeful's Weapon Boutique.
 43116 | Elf:3    | Identified the +6 plate armour of Xagaghu {Drain rElec
                  | rPois Str+6}
 43126 | Elf:2    | Found an ancient bone altar of Kikubaaqudgha.
 43151 | Elf:3    | Reached XP level 20. HP: 178/191 MP: 26/26
 43751 | Elf:3    | Cast into level 2 of the Abyss (a deep elf demonologist)
 43752 | Elf:3    | Escaped the Abyss
 43752 | Elf:3    | Gained mutation: Your magical capacity is low. (-10% MP) [a
                  | cacodemon]
 44207 | Elf:3    | Corrupted Elf:3
 44478 | Elf:3    | Found the +8 frozen axe "Frostbite" {freezing cloud, *Noise
                  | Fly rC+}
 44535 | Elf:3    | Identified the +7 lajatang of Mayhem {pain, *Rage rPois
                  | Int+2 SInv}
 44544 | Elf:3    | Identified the Almanac of Kismet
 44600 | Elf:3    | Identified the +7 shortbow of Suicidal Tendencies {venom,
                  | Str-3 Int+8}
 44617 | Elf:3    | Identified the +7 scale mail of Vlad {Dex+7}
 44644 | Elf:3    | Identified Sylezerch's Grimoire of Creative Dislocation
 44703 | Elf:3    | Identified the +7 long sword of Armageddon {drain, Fragile
                  | rElec rC+++ Stlth+}
 44703 | Elf:3    | Identified the ring "Pulole" {rC+ rCorr Slay-3 Stlth+}
 45411 | Vaults:1 | Entered Level 1 of the Vaults
 45974 | Vaults:1 | Reached skill level 5 in Throwing
 45978 | Vaults:1 | Noticed an ancient lich
 45990 | Vaults:1 | Corrupted Vaults:1
 45990 | Vaults:1 | Noticed a bone dragon
 45990 | Vaults:1 | Killed from afar by an ancient lich

Illustrated notes

Levels and vault maps discovered:
D:1:      minmay_arrival_four_loops, layout_basic,
          hellmonk_ecumenical_altar_blasted
D:2:      layout_rooms, serial_shops, shop_coins,
          chequers_serial_rivers_large_b, uniq_terence, uniq_sigmund
D:3:      layout_loops_ring, gammafunk_ghost_cemetery, kennysheep_generic_room_6
D:4:      layout_loops_ring, nicolae_vehumet_altar_sigil,
          minmay_temple_entry_trees, supply_closet_lemuel, uniq_pikel
D:5:      cheibrodos_fzero, layout_loops_ring, dancing_weapons_uskayaw, tgw_sif,
          serial_shops, nicolae_shop_statue_plus, minmay_pentangle
D:6:      minmay_skewed_foursquare, layout_rooms, serial_shops,
          nicolae_shop_window_shopping, minmay_misc_feat_x, uniq_maggie
D:7:      layout_cave_pools, grunt_gozag_statues, serial_gnoll_camp,
          gnoll_camp_mini_hut, grums_kennel, gnoll_camp_huts_basic,
          gnoll_camp_medium_01
D:8:      layout_cave_pools, serial_shops, nicolae_shop_trees
D:9:      layout_cross, nicolae_overflow_crystal_walls, trog_hazing_becter,
          nicolae_kikubaaqudgha_miasma_corner, okawaru_gym_becter, serial_ice,
          serial_ice_n, serial_ice_f, serial_ice_o, serial_ice_m,
          chequers_serial_rivers_small_a, hangedman_abyss_or_decor_clamps,
          uniq_erica
D:10:     layout_loops_ring, zin_academy, cheibriados_altar_1,
          hangedman_ru_absence, nicolae_overflow_hidden_temple,
          lemuel_round_altar, erik_orc_1, serial_shops, shop, eino_jars,
          uniq_josephine, uniq_psyche
D:11:     dragon1_lemuel, layout_basic
D:12:     layout_basic, minmay_guarded_unrand_finisher
D:13:     layout_loops_corners, serial_shops, shop, nicolae_shop_behind_doors
D:14:     layout_basic, lightli_vaults_fourway_checkpoint, kennysheep_nub,
          uniq_snorg
D:15:     grunt_enter_depths_hoard, layout_loops_ring, serial_shops,
          nicolae_shop_statue_plus, nicolae_two_hexagons, uniq_roxanne
Temple:   nicolae_temple_figure_zero
Lair:1:   layout_roguey
Lair:2:   layout_chaotic_city, minmay_shoals_entry_hut, gauntlet_entry_generic,
          grunt_megastairs_5, serial_bayou_shore_a
Lair:3:   layout_chaotic_city, serial_bayou, serial_bayou_shore_b,
          serial_bayou_pond_e, serial_bayou_lake_a, serial_bayou_pond_c,
          beast_lair_carwin_9, infiniplex_staircase_pool, uniq_gastronok
Lair:4:   layout_cave_pods, minmay_snake_entry_six_corridors, dpeg_oklob_1
Lair:5:   layout_loops_ring, columned_hall_lemuel, uniq_rupert, uniq_nessos
Lair:6:   wormcave, layout_cave_pods, hangedman_lair_tendril_chambers,
          minmay_slime_entry_pillars, nicolae_volcano_entry_hallway,
          gammafunk_ghost_split, st_stairs_5
Shoals:1: layout_shoals, nicolae_alphabet_shops, regret_index_shoals_crete
Shoals:2: layout_shoals, uniq_polyphemus
Shoals:3: argonaut_golden_fleece, layout_shoals, nicolae_shoals_aquamancer_cove
Shoals:4: shoals_end_hangedman, layout_shoals
Snake:1:  dpeg_oklob_gauntlet, layout_onion
Snake:2:  kennysheep_six_static_rooms, layout_cave_shapes,
          portal_ice_cave_entry_ice_statue_one, uniq_saint_roka, uniq_louise,
          uniq_frances
Snake:3:  layout_cave_shapes, special_room, grunt_ministairs_2, st_stairs_6,
          nicolae_snake_serpentine_hallways
Snake:4:  minmay_snake_end_coiled, layout_chambers, minmay_shop_grid_forest
Orc:1:    layout_caves, basic_altar, rock_pile, uniq_maurice, uniq_fannar,
          uniq_urug
Orc:2:    st_orc_rangers, layout_caves, gammafunk_ghost_wrathful_warriors
Elf:1:    layout_geoelf_octagon, hangedman_elf_represent
Elf:2:    layout_gridlike, small_statue_intersection, lemuel_elevator,
          lemuel_upstairs_altar
Elf:3:    minmay_elf_hall_four_x, layout_geoelf_diagonals, serial_shops, shop,
          wad_floor_pattern_2
Vaults:1: v_misc_1, nicolae_vaults_asterisk, v_misc_22,
          nicolae_vaults_little_squares_4, nicolae_vaults_mini_display_case,
          nicolae_vaults_asterisk, ontoclasm_vaults_chip, vaults_dpeg_hooks,
          st_star, vaults_dpeg_doors, layout_vaults_big_room,
          nicolae_trove_entry_columns, serial_shops, nicolae_shop_stone

Skill      XL: |  1  2  3  4  5  6  7  8  9 10 11 12 13 14 15 16 17 18 19 20 |
---------------+-------------------------------------------------------------+-----
Axes           | 3 4 5 6 7 8 10 11 13 14 15 16 17 18 | 18.0
Fighting       | 4 5 6 7 8 9 10 11 13 14 15 17 18 19 20 | 20.6
Armour         | 3 4 5 7 8 9 10 11 12 13 14 15 16 | 16.2
Dodging        | 2 3 4 5 6 7 8 10 11 | 11.5
Shields        | 3 7 9 11 13 14 16 17 19 20 22 23 | 23.9
Invocations    | 2 4 5 7 8 9 10 | 10.6
Throwing       | 3 5 |  5.0

Action                   |  1- 3 |  4- 6 |  7- 9 | 10-12 | 13-15 | 16-18 | 19-21 || total
-------------------------+-------+-------+-------+-------+-------+-------+-------++-------
Melee: Hand axe          |    58 |    95 |   392 |    37 |       |       |       ||   582
       Headbutt          |     7 |    14 |    78 |   155 |   280 |   435 |   231 ||  1200
       War axe           |       |       |       |   632 |   274 |       |       ||   906
       Broad axe         |       |       |       |       |   861 |  1484 |   839 ||  3184
Throw: Boomerang         |       |       |       |       |       |       |     4 ||     4
Invok: Depart the Abyss  |     1 |       |       |       |       |       |     1 ||     2
       Banish            |       |       |       |     1 |     3 |     2 |       ||     6
       Brand Weapon With |       |       |       |       |       |       |     1 ||     1
       Corrupt           |       |       |       |       |       |       |     2 ||     2
  Use: Potion            |       |     4 |       |       |       |     1 |       ||     5
       Scroll            |       |       |    14 |     7 |     3 |     7 |     5 ||    36
 Stab: Sleeping          |       |       |       |       |       |     1 |       ||     1
       Paralysed         |       |       |       |       |       |       |     1 ||     1
Armor: Ring mail         |    24 |    45 |    56 |       |       |       |       ||   125
       Leather armour    |     3 |       |       |       |       |       |       ||     3
       Chain mail        |       |       |    16 |       |       |    54 |    36 ||   106
       Plate armour      |       |       |    92 |   244 |       |       |       ||   336
       Quicksilver drago |       |       |       |    29 |   239 |    69 |       ||   337
       Swamp dragon scal |       |       |       |       |       |    67 |       ||    67
       Gold dragon scale |       |       |       |       |       |       |   106 ||   106
Dodge: Dodged            |    24 |    54 |    67 |    62 |   211 |   347 |   142 ||   907
Block: Tower shield      |       |       |   162 |   680 |  1053 |  1472 |   577 ||  3944

Table legend: (Time is in decaauts)
 A = Elapsed time spent in this place.
 B = Non-inter-level travel time spent in this place.
 C = Inter-level travel time spent in this place.
 D = Time resting spent in this place.
 E = Time spent auto-exploring this place.
 F = Levels seen in this place.
 G = Mean time per level.
                   A        B        C        D        E       F      G
               +--------+--------+--------+--------+--------+-----+--------+
         Total |  45790 |  38860 |   6930 |   4063 |  19166 |  41 | 1116.8 |
       Dungeon |  20090 |  16763 |   3327 |   2652 |   8909 |  15 | 1339.3 |
        Temple |    123 |    114 |      9 |      0 |    113 |   1 |  123.0 |
          Lair |   8526 |   6371 |   2155 |    307 |   3707 |   6 | 1421.0 |
        Shoals |   3952 |   3622 |    330 |    119 |   2009 |   4 |  988.0 |
     Snake Pit |   5440 |   4827 |    613 |    571 |   1738 |   4 | 1360.0 |
  Orcish Mines |   1882 |   1608 |    274 |     15 |    821 |   2 |  941.0 |
   Elven Halls |   4052 |   3832 |    220 |    316 |   1431 |   3 | 1350.7 |
        Vaults |    553 |    553 |      0 |      5 |    326 |   1 |  553.0 |
         Abyss |     68 |     68 |      0 |      0 |     65 |   2 |   34.0 |
      Ice Cave |    304 |    304 |      0 |      4 |      0 |   1 |  304.0 |
       Volcano |    278 |    278 |      0 |      0 |     46 |   1 |  278.0 |
      Gauntlet |    518 |    518 |      0 |     73 |      0 |   1 |  518.0 |
               +--------+--------+--------+--------+--------+-----+--------+

Top non-repeatable levels by time:
     D:5: 3412 daAuts
    D:10: 2413 daAuts
 Snake:4: 2210 daAuts
     D:4: 2042 daAuts
   Elf:3: 2002 daAuts
  Lair:6: 1987 daAuts
  Lair:2: 1653 daAuts
  Lair:4: 1573 daAuts
    D:11: 1440 daAuts
 Snake:2: 1405 daAuts
  Lair:3: 1381 daAuts
   Orc:2: 1299 daAuts
     D:3: 1198 daAuts
Shoals:4: 1166 daAuts
   Elf:2: 1151 daAuts
